 Dungeon Crawl Stone Soup version 0.23.2-30-g0e89c35649 (webtiles) character file.

Game seed: 16915777840135876074

10654 EcosseEcosse the Basher (level 11, -8/95 HPs)
             Began as a Minotaur Fighter on June 21, 2019.
             Was a Priest of Makhleb.
             Mangled by a two-headed ogre
             ... wielding a +0 giant spiked club
              (12 damage)
             ... on level 1 of the Orcish Mines.
             The game lasted 01:18:20 (11994 turns).

EcosseEcosse the Basher (Minotaur Fighter)         Turns: 11994, Time: 01:18:21

Health: -8/95      AC: 17    Str: 30    XL:     11   Next: 39%
Magic:  0/10       EV: 10    Int:  8    God:    Makhleb [***...]
Gold:   111        SH:  0    Dex: 15    Spells: 10/10 levels left

rFire    . . .     SeeInvis +   x - +7 great sword of the Heart {flame, rC- Str+4 Int+3 SInv}
rCold    x . .     Gourm    +   (shield currently unavailable)
rNeg     . . .     Faith    .   O - +0 plate armour
rPois    +         Spirit   +   W - +1 hat
rElec    .         Reflect  .   p - scarf {Spirit}
rCorr    .         Harm     .   (no gloves)
MR       .....     Rnd*Rage +   (no boots)
Stlth    ..........             w - amulet of the gourmand
HPRegen  0.25/turn              j - ring of stealth
MPRegen  0.12/turn              b - ring "Aroggiq" {rPois Dex+4}

@: mighty
A: retaliatory headbutt, horns 2, icy blue scales 1, berserk 1, poison
resistance, weak 1
a: Minor Destruction, Lesser Servant of Makhleb, Renounce Religion


You were on level 1 of the Orcish Mines.
You worshipped Makhleb.
Makhleb was most pleased with you.
You were not hungry.

You visited 3 branches of the dungeon, and saw 12 of its levels.

You collected 832 gold pieces.
You spent 721 gold pieces at shops.

Inventory:

Hand Weapons
 x - the +7 great sword of the Heart (weapon) {flame, rC- Str+4 Int+3 SInv}
   (You bought it in a shop on level 4 of the Dungeon)

   It has been specially enchanted to burn those struck by it, causing extra
   injury to most foes and up to half again as much damage against particularly
   susceptible opponents.
   Big, fiery blades are also staple armaments of hydra-hunters.
   It affects your strength (+4).
   It affects your intelligence (+3).
   It makes you vulnerable to cold.
   It lets you see invisible.
 G - a +2 flail of protection
 M - the +9 staff of Olgreb {rPois}
   (You found it on level 5 of the Dungeon)

   It protects you from poison.
 V - a +3 battleaxe
 Z - a +2 flail of holy wrath
Armour
 c - a +0 shield
 l - a +0 pair of boots
 o - a +0 troll leather armour
 p - a scarf of spirit shield (worn)
 y - a +2 leather armour of cold resistance
 O - a +0 plate armour (worn)
 W - a +1 hat (worn)
Jewellery
 b - the ring "Aroggiq" (right hand) {rPois Dex+4}
   (You found it on level 9 of the Dungeon)

   [ring of dexterity]

   It affects your dexterity (+4).
   It protects you from poison.
 i - an uncursed amulet of rage
 j - a ring of stealth (left hand)
 u - an uncursed ring of poison resistance
 w - an amulet of the gourmand (around neck)
 B - an uncursed amulet of harm
 P - an uncursed ring of stealth
Wands
 m - a wand of digging (9)
 F - a wand of disintegration (10)
 I - a wand of polymorph (17)
 R - a wand of paralysis (10)
 S - a wand of flame (16)
 U - a wand of acid (6)
 X - a wand of enslavement (6)
Scrolls
 a - 2 scrolls of fog {unknown}
 d - 6 scrolls of teleportation {unknown}
 g - 3 scrolls of remove curse
 h - a scroll of random uselessness {unknown}
 k - 6 scrolls of magic mapping {unknown}
 s - 3 scrolls of fear {unknown}
 z - 3 scrolls of enchant armour {unknown}
 A - 3 scrolls of blinking {unknown}
 J - a scroll of enchant weapon {unknown}
 K - 3 scrolls of amnesia {unknown}
 Y - a scroll of immolation {unknown}
Potions
 e - a potion of invisibility
 n - 2 potions of agility
 q - a potion of degeneration {unknown}
 r - a potion of mutation
 t - 5 potions of lignification
 v - a potion of magic {unknown}
 C - 2 potions of curing {unknown}
 D - 2 potions of flight
 N - 2 potions of brilliance {unknown}
Comestibles
 f - 14 rations


   Skills:
 + Level 8.5 Fighting
 + Level 6.8 Long Blades
 + Level 5.8(9.0) Axes
 + Level 10.6(11.2) Maces & Flails
 + Level 10.5 Armour
 + Level 4.5 Dodging
 + Level 2.7 Stealth
 + Level 9.6 Shields


You had 10 spell levels left.
You didn't know any spells.
Your spell library contained the following spells:

 Spells                   Type           Power        Failure   Level  Hunger
 Animate Skeleton         Necr           N/A          97%         1    ##.....
 Pain                     Necr           #...         97%         1    ##.....
 Regeneration             Chrm/Necr      #.........   100%        3    ####...
 Vampiric Draining        Necr           #.........   100%        3    ####...
 Animate Dead             Necr           N/A          100%        4    #####..


Dungeon Overview and Level Annotations

Branches:
Dungeon (9/15)             Temple (1/1) D:4             Orc (2/2) D:9
   Lair: D:8-11         Elf: Orc:2

Altars:
Ashenzari
Cheibriados
Dithmenos
Elyvilon
Fedhas
Gozag
Hepliaklqana
Kikubaaqudgha
Makhleb
Nemelex Xobeh
Okawaru
Qazlal
Ru
Sif Muna
Trog
Uskayaw
Vehumet
Wu Jian
Xom
Yredelemnul
Zin
The Shining One

Shops:
D:4 (

Annotations:
D:3 Menkaure
D:5 1 runed translucent door
D:7 2 transporters
D:8 2 transporters


Innate Abilities, Weirdness & Mutations

You reflexively headbutt those who attack you in melee.
You have a pair of horns on your head.
You are partially covered in icy blue scales. (AC +2)
You tend to lose your temper in combat.
Your system is resistant to poisons. (rPois)
You are weak. (Str -2)


Message History

Unknown command.
The two-headed ogre closely misses you.
You riposte.
Your plate armour prevents you from hitting the two-headed ogre.
The two-headed ogre hits you with a +0 giant spiked club!!
The orc warrior hits you from afar with a +0 halberd!!
* * * LOW HITPOINT WARNING * * *
You climb upwards.
There is a stone staircase leading down here.
You feel very mighty all of a sudden.
The two-headed ogre hits you with a +0 giant spiked club!
* * * LOW HITPOINT WARNING * * *
The two-headed ogre hits you but does no damage.
The two-headed ogre barely misses you.
You riposte.
You slash the two-headed ogre! You burn the two-headed ogre.
The two-headed ogre is lightly wounded.
The two-headed ogre misses you.
The two-headed ogre hits you with a +0 giant spiked club!
* * * LOW HITPOINT WARNING * * *
The two-headed ogre hits you with a +0 giant spiked club!
You die...

#...#....##....## ###
##......####....#
##.#######.#...## ###.##
#...##.#####....# ##.####
##..#...#.#.....####.....#
##.....#.......##.###.....
###..............#....#....#
##.##..#...................#.
#...........@................
##.##..#.....O...............
#######..##.#...............
#...#####......[......^
##...##..............#.
##.........[..[)[..#..
##..#.........><.###.
#...#...#...)[[#.#..
##..###....##.#....#.


You could see a two-headed ogre.

Vanquished Creatures
  The ghost of Jabberih the Frost Mage, a novice MfIE of Fedhas (D:9)
  2 orc sorcerers (Orc:1)
  2 trolls
  Prince Ribbit (D:7)
  A hippogriff (D:1)
  9 yaks
  A steam dragon (D:9)
  A hungry ghost (D:9)
  3 vampire mosquitoes (D:8)
  4 soldier ants (D:5)
  3 wargs
  4 water moccasins
  5 orc warriors
  3 sky beasts
  6 ice beasts
  10 ogres
  A phantom (D:9)
  A centaur (D:8)
  3 bullfrogs
  4 scorpions
  10 killer bees
  2 howler monkeys
  4 wights (D:7)
  5 crimson imps
  6 hounds
  2 jellies
  A bullfrog skeleton (D:9)
  4 centaur skeletons
  2 gnoll shamans
  4 orc priests
  15 orc wizards
  4 iguanas
  15 worker ants
  A hound skeleton (D:4)
  A worker ant zombie (D:7)
  15 gnolls
  12 adders
  6 shadow imps
  An adder skeleton (D:6)
  2 adder zombies
  2 worms
  10 dart slugs
  4 leopard geckos
  56 orcs
  3 bats
  7 giant cockroaches
  7 goblins
  8 hobgoblins
  7 jackals
  6 quokkas
  A ball python (D:1)
  2 frilled lizards
  11 kobolds
  A leopard gecko skeleton (D:4)
  A leopard gecko zombie (D:5)
  A quokka skeleton (D:4)
  6 rats
310 creatures vanquished.

Vanquished Creatures (others)
  An orc (Orc:1)
1 creature vanquished.

Grand Total: 311 creatures vanquished

Notes
Turn   | Place    | Note
-------+----------+-------------------------------------------
     0 | D:1      | EcosseEcosse the Minotaur Fighter began the quest for the
                  | Orb.
     0 | D:1      | Reached XP level 1. HP: 19/19 MP: 0/0
   198 | D:1      | Reached XP level 2. HP: 23/27 MP: 1/1
   596 | D:2      | Noticed an ogre
   602 | D:2      | Killed an ogre
   602 | D:2      | Reached skill level 5 in Armour
   602 | D:2      | Reached XP level 3. HP: 19/33 MP: 2/2
   602 | D:2      | Reached XP level 4. HP: 23/40 MP: 3/3
   669 | D:2      | You fall through a shaft for 2 floors!
   685 | D:4      | Reached XP level 5. HP: 28/47 MP: 4/4
  1197 | D:3      | Found a faded altar of an unknown god.
  1307 | D:3      | Reached skill level 1 in Dodging
  1559 | D:3      | Noticed a hippogriff
  1964 | D:1      | Killed a hippogriff
  1964 | D:1      | Reached skill level 5 in Long Blades
  1964 | D:1      | Reached skill level 5 in Shields
  1964 | D:1      | Reached XP level 6. HP: 39/53 MP: 5/5
  2291 | D:2      | Found a shimmering altar of Xom.
  2291 | D:2      | Found an ornate altar of the Wu Jian Council.
  2292 | D:2      | Found a glowing silver altar of Zin.
  2312 | D:2      | Found a snail-covered altar of Cheibriados.
  2664 | D:4      | Noticed Menkaure
  2933 | D:3      | Reached XP level 7. HP: 48/60 MP: 6/6
  3438 | D:4      | Found a staircase to the Ecumenical Temple.
  3477 | D:4      | Reached skill level 1 in Stealth
  3651 | D:4      | Found Relam's Weapon Shop.
  3972 | D:4      | Found a hazy altar of Hepliaklqana.
  4101 | D:5      | Entered Level 5 of the Dungeon
  4101 | D:5      | Found a runed translucent door.
  4104 | D:5      | Found a runed translucent gate.
  4104 | D:5      | Found a runed translucent gate.
  4113 | D:5      | Found the +9 staff of Olgreb {rPois}
  4116 | D:5      | Found a runed translucent door.
  4250 | D:4      | Reached skill level 5 in Fighting
  4250 | D:4      | Reached skill level 1 in Maces & Flails
  4390 | D:5      | Found a runed translucent gate.
  4466 | D:5      | Reached XP level 8. HP: 44/68 MP: 7/7
  4924 | D:5      | Found a sacrificial altar of Ru.
  5107 | D:5      | Gained mutation: You tend to lose your temper in combat.
                  | [potion of mutation]
  5107 | D:5      | Gained mutation: You are weak. (Str -2) [potion of
                  | mutation]
  5107 | D:5      | Gained mutation: Your system is resistant to poisons.
                  | (rPois) [potion of mutation]
  5107 | D:5      | Gained mutation: You are partially covered in icy blue
                  | scales. (AC +2) [potion of mutation]
  5114 | D:5      | Reached skill level 5 in Maces & Flails
  5179 | D:5      | Reached XP level 9. HP: 45/75 MP: 8/8
  6100 | D:6      | Found a radiant altar of Vehumet.
  6347 | Temple   | Entered the Ecumenical Temple
  6561 | Temple   | Became a worshipper of Makhleb the Destroyer
  6666 | D:7      | Noticed Prince Ribbit
  6699 | D:7      | Killed Prince Ribbit
  6957 | D:7      | Found a stormy altar of Qazlal.
  7012 | D:7      | Found an iron altar of Okawaru.
  7133 | D:7      | Reached * piety under Makhleb
  7145 | D:7      | Reached XP level 10. HP: 84/84 MP: 9/9
  7245 | D:7      | Found a shadowy altar of Dithmenos.
  7445 | D:7      | Found a transporter.
  7578 | D:7      | Found a transporter.
  7809 | D:8      | Reached skill level 1 in Axes
  8140 | D:8      | Found a transporter.
  8141 | D:8      | Found a shattered altar of Ashenzari.
  8141 | D:8      | Noticed an ice dragon
  8159 | D:8      | Found a transporter.
  8238 | D:8      | Reached ** piety under Makhleb
  8382 | D:8      | Found a basalt altar of Yredelemnul.
  8908 | D:9      | Reached skill level 5 in Axes
  9691 | D:9      | Found a bloodstained altar of Trog.
  9744 | D:9      | Reached XP level 11. HP: 94/94 MP: 10/10
  9786 | D:9      | Found a staircase to the Orcish Mines.
  9848 | D:9      | Found a large runed translucent door.
  9849 | D:9      | Found a large runed translucent door.
  9849 | D:9      | Noticed Jabberih's ghost (novice MfIE)
  9868 | D:9      | HP: 1/94 [Jabberih's ghost/Freeze (11)]
  9870 | D:9      | Killed Jabberih's ghost
  9870 | D:9      | Reached skill level 10 in Maces & Flails
  9870 | D:9      | Reached skill level 10 in Armour
 10430 | D:9      | Reached *** piety under Makhleb
 10571 | D:9      | Got a glittering steel ring
 10664 | D:9      | Identified the ring "Aroggiq" {rPois Dex+4} (You found it
                  | on level 9 of the Dungeon)
 10681 | Orc:1    | Entered Level 1 of the Orcish Mines
 11192 | D:4      | Bought the +7 great sword of the Heart {flame, rC- Str+4
                  | Int+3 SInv} for 721 gold pieces
 11328 | Orc:2    | Entered Level 2 of the Orcish Mines
 11333 | Orc:2    | Noticed an orc sorcerer
 11348 | Orc:2    | Paralysed by an orc sorcerer for 4 turns
 11354 | Orc:1    | Killed an orc sorcerer
 11415 | Orc:2    | Noticed an orc sorcerer
 11417 | Orc:2    | Noticed an orc warlord
 11695 | Orc:1    | Killed an orc sorcerer
 11887 | Orc:2    | Noticed a two-headed ogre
 11974 | Orc:2    | Noticed a two-headed ogre
 11994 | Orc:1    | HP: 4/95 [two-headed ogre/+0 giant spiked club (6)]
 11994 | Orc:1    | Mangled by a two-headed ogre

Skill      XL: |  1  2  3  4  5  6  7  8  9 10 11 |
---------------+----------------------------------+-----
Armour         | 4 5 6 7 8 9 10 | 10.5
Fighting       | 4 5 6 8 |  8.5
Long Blades    | 3 4 5 6 |  6.8
Shields        | 4 5 7 8 9 |  9.6
Dodging        | 1 2 3 4 |  4.5
Stealth        | 1 2 |  2.7
Maces & Flails | 2 6 8 9 10 | 10.6
Axes           | 5 |  5.8

Action                   |  1- 3 |  4- 6 |  7- 9 | 10-12 || total
-------------------------+-------+-------+-------+-------++-------
Melee: Long sword        |    38 |   139 |    52 |       ||   229
       Headbutt          |     5 |    28 |    89 |    85 ||   207
       Flail             |       |       |   414 |   292 ||   706
       Battleaxe         |       |       |       |    67 ||    67
       Great sword       |       |       |       |    31 ||    31
  Use: Potion            |       |     3 |     8 |     7 ||    18
       Scroll            |       |     2 |     3 |     3 ||     8
 Stab: Invisible         |       |       |     4 |     1 ||     5
  Eat: Ration            |       |     2 |     3 |       ||     5
       Chunk             |       |     1 |     4 |    25 ||    30
Armor: Scale mail        |    12 |    73 |   155 |       ||   240
       Skin              |       |       |    16 |       ||    16
       Plate armour      |       |       |    51 |   274 ||   325
Dodge: Dodged            |    13 |    56 |   187 |   183 ||   439
Block: Shield            |    16 |    87 |   284 |   168 ||   555
       Rpst.: Long sword |     3 |    18 |     3 |       ||    24
       Great sword       |       |       |       |     7 ||     7
